 Dungeon Crawl Stone Soup version 0.30-a0-1082-g70414cbcbb (webtiles) character file.

Game seed: 3732947391985820419

865 funkygono the Chopper (level 7, -1/62 HPs)
             Began as a Minotaur Fighter on Apr 16, 2023.
             Was a Follower of Okawaru.
             Killed from afar by an orc wizard (8 damage)
             ... with a puff of flame
             ... on level 6 of the Dungeon.
             The game lasted 00:06:23 (3247 turns).

funkygono the Chopper (Minotaur Fighter)            Turns: 3247, Time: 00:06:24

Health: -1/62      AC: 13    Str: 23    XL:     7   Next: 72%
Magic:  6/6        EV:  8    Int:  8    God:    Okawaru [*.....]
Gold:   231        SH:  4    Dex:  9    Spells: 6/6 levels left

rFire   . . .      SeeInvis .    a - +0 war axe
rCold   . . .      Faith    .    c - +0 buckler
rNeg    . . .      Spirit   .    u - +0 chain mail
rPois   .          Reflect  .    (helmet restricted)
rElec   .          Rampage  .    (no cloak)
rCorr   .                        (no gloves)
Will    .....                    t - +2 pair of boots of Ufaur {Int+3} Stlth
                                 (no amulet)
HPRegen 0.30/turn                n - +4 ring of slaying
MPRegen 0.10/turn                (no ring)

@: mighty, studying Unarmed Combat
A: horns 2, retaliatory headbutt
a: Renounce Religion, Heroism


You were on level 6 of the Dungeon.
You worshipped Okawaru.
Okawaru was aware of your devotion.
You visited 1 branch of the dungeon, and saw 8 of its levels.

You collected 231 gold pieces.

Inventory:

Hand Weapons
 a - a +0 war axe (weapon)
Missiles
 p - 8 poisoned darts (quivered)
 v - a curare-tipped dart
Armour
 c - a +0 buckler (worn)
 t - the +2 pair of boots of Ufaur (worn) {Int+3}
   (You found it on level 3 of the Dungeon)

   Int:       It affects your intelligence (+3).
 u - a +0 chain mail (worn)
Jewellery
 n - a +4 ring of slaying (left hand)
Wands
 b - a wand of acid (3)
 q - a wand of roots (11)
Scrolls
 e - a scroll of magic mapping {unknown}
 f - 6 scrolls of identify {unknown}
 j - 4 scrolls of poison {unknown}
 k - a scroll of brand weapon {unknown}
 l - 2 scrolls of silence {unknown}
 m - a scroll of vulnerability {unknown}
 o - 4 scrolls of teleportation {unknown}
 x - a scroll of torment {unknown}
Potions
 d - 2 potions of might
 g - 3 potions of heal wounds {unknown}
 h - 4 potions of lignification {unknown}
 i - 2 potions of ambrosia {unknown}
 r - a potion of magic {unknown}
 s - a potion of invisibility {unknown}
 w - a potion of curing {unknown}


   Skills:
 + Level 5.8 Fighting
 + Level 7.6 Axes
 + Level 6.1 Armour
 + Level 1.4 Dodging
 + Level 0.5 Stealth
 + Level 4.5 Shields


You had 6 spell levels left.
You didn't know any spells.
Your spell library was empty.

Dungeon Overview and Level Annotations

Branches:
Dungeon (8/15)             Temple (0/1) D:5
   Lair: D:8-11

Altars:
Okawaru
Vehumet
Yredelemnul

Shops:
D:4 [*?

Annotations:
D:3 3 runed translucent doors, Reshi88's ghost, amateur TrFi


Innate Abilities, Weirdness & Mutations

You have a pair of horns on your head.
You reflexively headbutt those who attack you in melee.


Message History

You feel very mighty all of a sudden.
The orc priest hits you but does no damage.
You block the orc warrior's attack.
You slash the orc priest!
You kill the orc priest!
Okawaru accepts your kill. The orc warrior closely misses you.
The orc wizard gestures wildly while chanting.
The orc wizard flickers and vanishes!
Deactivating autopickup; reactivate with Ctrl-A.
You block the orc warrior's attack.
Things that are here:
a +0 falchion; a +0 leather armour; an orc corpse You barely miss the orc warrior.
The orc warrior completely misses you.
You hit the orc warrior but do no damage.
The orc warrior hits you but does no damage.
You slice the orc warrior!!
The orc warrior is almost dead.
The orc warrior hits you but does no damage.
Unknown command.
You barely miss the orc warrior. Your headbutt misses the orc warrior.
The orc warrior is almost dead.
The orc warrior hits you with a +0 trident!
* * * LOW HITPOINT WARNING * * *
You hit the orc warrior.
You kill the orc warrior!
Okawaru accepts your kill.
You hear some strange, mumbled words.
A puff of flame appears from out of thin air!
The puff of flame hits you!
* * * LOW HITPOINT WARNING * * *
You closely miss something. You block something's attack.
You barely miss something. You headbutt something!
You block something's attack.
You miss something. Something hits you but does no damage.
You closely miss something.
You hear some strange, mumbled words.
A puff of flame appears from out of thin air!
The puff of flame hits you!
You die...

.. .# #. .#
#.##.# ....#
#...#
##...######
#..>.......
#.#########.#
#)s{@$......#
#.o##########
#..# ....#
.##.## .. ..#
. ####


You could see a scorpion and an orc.

Vanquished Creatures
  A black bear (D:5)
  An ogre (D:3)
  An orc warrior (D:6)
  A kobold brigand (D:5)
  A bullfrog (D:5)
  A scorpion (D:5)
  A hound (D:6)
  2 jellies
  An orc priest (D:6)
  A gnoll bouda (D:4)
  10 gnolls
  4 adders
  A shadow imp (D:5)
  3 worms
  3 dart slugs
  4 ball pythons
  14 endoplasms
  3 giant cockroaches
  10 goblins
  6 hobgoblins
  11 kobolds
  10 quokkas
  6 bats
  6 frilled lizards
  7 rats
109 creatures vanquished.

Notes
Turn   | Place    | Note
-------+----------+-------------------------------------------
     0 | D:1      | funkygono the Minotaur Fighter began the quest for the Orb.
     0 | D:1      | Reached XP level 1. HP: 19/19 MP: 0/0
   173 | D:1      | Reached XP level 2. HP: 21/27 MP: 1/1
   250 | D:1      | Reached skill level 3 in Axes
   312 | D:1      | Reached XP level 3. HP: 28/33 MP: 2/2
   721 | D:1      | Found a faded altar of an unknown god.
   933 | D:2      | Reached XP level 4. HP: 28/40 MP: 3/3
   945 | D:2      | Reached skill level 4 in Axes
  1421 | D:3      | Found a runed translucent gate.
  1421 | D:3      | Found a runed translucent gate.
  1424 | D:3      | Found a runed translucent gate.
  1424 | D:3      | Noticed Reshi88's ghost (amateur TrFi)
  1484 | D:3      | Identified the +2 pair of boots of Ufaur {Int+3}
  1690 | D:3      | Noticed an ogre
  1693 | D:3      | Killed an ogre
  1694 | D:3      | Reached skill level 5 in Axes
  1694 | D:3      | Reached XP level 5. HP: 47/47 MP: 4/4
  1776 | D:3      | Found a basalt altar of Yredelemnul.
  2045 | D:4      | Found a radiant altar of Vehumet.
  2099 | D:4      | Reached skill level 1 in Dodging
  2105 | D:4      | Reached skill level 5 in Fighting
  2105 | D:4      | Reached XP level 6. HP: 39/56 MP: 5/5
  2185 | D:4      | Found Owkuaf's Assorted Antiques.
  2186 | D:4      | Found Eseasofy's Magic Scroll Shop.
  2187 | D:4      | Found Rehiw's Antique Armour Shop.
  2313 | D:4      | Found an iron altar of Okawaru.
  2321 | D:4      | Became a worshipper of Warmaster Okawaru
  2865 | D:5      | Entered Level 5 of the Dungeon
  2887 | D:5      | Reached skill level 6 in Axes
  2889 | D:5      | Reached skill level 5 in Armour
  2988 | D:5      | Reached XP level 7. HP: 59/61 MP: 6/6
  3026 | D:5      | Reached * piety under Okawaru
  3148 | D:5      | Reached skill level 7 in Axes
  3166 | D:5      | Found a staircase to the Ecumenical Temple.
  3192 | D:5      | You fall into a shaft and drop 3 floors!
  3247 | D:6      | Killed from afar by an orc wizard

Illustrated notes

Levels and vault maps discovered:
D:1:      lemuel_arrival_rhombus, layout_loops_ring,
          ebering_ecumenical_altar_box
D:2:      layout_rooms, st_stairs_5
D:3:      layout_loops_cross, lemuel_coloured_pillars_altar,
          biasface_ghost_orc_armoury
D:4:      layout_rooms, okawaru_ov_weapons_minmay, mainiacjoe_overflow_paths,
          nicolae_shop_distant_corner_stores, kennysheep_nub, minivault_5,
          nrook_uturn, moated_statue, palyth_stone_intersect, serial_park_tiny_2
D:5:      layout_basic, minmay_temple_entry_glass, serial_glass,
          glass_columns_b, glass_columns_c, glass_columns_a, glass_columns_a,
          glass_columns_c, glass_columns_c
D:6:      nicolae_cairo_tiling_very_big, layout_basic
D:7:      layout_basic
D:8:      statuecave_lemuel, layout_loops_corners, lair_entry_dummy,
          enter_bailey_3, kennysheep_windowed_goal

Skill      XL: |  1  2  3  4  5  6  7 |
---------------+----------------------+-----
Fighting       | 4 5 |  5.8
Armour         | 4 5 6 |  6.1
Axes           | 3 5 6 7 |  7.6
Shields        | 4 |  4.5
Dodging        | 1 |  1.4
Stealth        | |  0.5

Action                     |  1- 3 |  4- 6 |  7- 9 || total
---------------------------+-------+-------+-------++-------
  Melee: War axe           |    84 |    82 |    45 ||   211
         Headbutt          |    10 |    17 |     5 ||    32
    Use: Potion            |       |       |     1 ||     1
 Armour: Scale mail        |    35 |     9 |       ||    44
         Chain mail        |       |    46 |    28 ||    74
  Dodge: Dodged            |    31 |    47 |    23 ||   101
  Block: Buckler           |    17 |    18 |    14 ||    49

Table legend: (Time is in decaauts)
 A = Elapsed time spent in this place.
 B = Non-inter-level travel time spent in this place.
 C = Inter-level travel time spent in this place.
 D = Time resting spent in this place.
 E = Time spent auto-exploring this place.
 F = Levels seen in this place.
 G = Mean time per level.
                   A        B        C        D        E       F      G
               +--------+--------+--------+--------+--------+-----+--------+
         Total |   3308 |   3127 |    181 |      0 |   2379 |   8 |  413.5 |
       Dungeon |   3308 |   3127 |    181 |      0 |   2379 |   8 |  413.5 |
               +--------+--------+--------+--------+--------+-----+--------+

Top non-repeatable levels by time:
     D:3: 857 daAuts
     D:4: 846 daAuts
     D:1: 809 daAuts
     D:2: 400 daAuts
     D:5: 336 daAuts
     D:6: 32 daAuts
     D:7: 17 daAuts
     D:8: 7 daAuts
